 Dungeon Crawl Stone Soup version 0.19-a0 (webtiles) character file.

118 varam the Cudgeler (level 4, -2/39 HPs)
             Began as a Minotaur Fighter on Apr 27, 2016.
             Slain by a gnoll
             ... wielding a +0 spear
              (5 damage)
             ... on level 2 of the Dungeon.
             The game lasted 00:03:19 (1928 turns).

varam the Cudgeler (Minotaur Fighter)               Turns: 1928, Time: 00:03:19

Health: -2/39      AC:  6    Str: 22    XL:     4   Next: 72%
Magic:  3/3        EV:  7    Int:  5    God:
Gold:   74         SH:  9    Dex:  9    Spells: 0 memorised, 3 levels left

rFire  . . .     SeeInvis .     a - +0 flail
rCold  + . .     Gourm    .     b - +0 scale mail
rNeg   . . .     Faith    .     c - +0 shield
rPois  .         Spirit   .     (helmet restricted)
rElec  .         Dismiss  .     (no cloak)
rCorr  .         Reflect  .     (no gloves)
SustAt .         Harm     .     (no boots)
MR     .....                    (no amulet)
Stlth  ..........               (no ring)
                                l - ring of protection from cold

@: not resistant to hostile enchantments, extremely unstealthy
A: retaliatory headbutt, horns 2
a: no special abilities


You were on level 2 of the Dungeon.
You were not hungry.

You visited 1 branch of the dungeon, and saw 2 of its levels.

You collected 74 gold pieces.

Inventory:

Hand Weapons
 a - a +0 flail (weapon)
 r - a +0 hand axe of venom
Armour
 b - a +0 scale mail (worn)
 c - a +0 shield (worn)
Jewellery
 l - a ring of protection from cold (left hand)
Wands
 n - a wand of lightning (8/15)
Scrolls
 e - a scroll of noise {unknown}
 h - a scroll of identify {unknown}
 i - a scroll of immolation {unknown}
 k - 2 scrolls of magic mapping {unknown}
 m - a scroll of teleportation {unknown}
 q - a scroll of fog {unknown}
Potions
 d - a potion of might
 j - a potion of magic {unknown}
 p - a potion of brilliance {unknown}
Comestibles
 f - a bread ration
 g - a meat ration
 o - a chunk of flesh


   Skills:
 - Level 3.6 Fighting
 + Level 6.0 Maces & Flails
 - Level 3.6 Armour
 - Level 3.6 Shields


You had 3 spell levels left.
You didn't know any spells.

Dungeon Overview and Level Annotations

Branches:
Dungeon (2/15)

Altars:

Annotations:
D:2 Sigmund


Innate Abilities, Weirdness & Mutations

You reflexively headbutt those who attack you in melee.
You have a pair of horns on your head.


Message History

You headbutt the gnoll.
You kill the gnoll!
The gnoll barely misses you. The gnoll hits you with a spear!
The gnoll barely misses you.
Items here: )) ? † a flail; a scroll labeled OWYHOGA SIUH; a flail; a gnoll corpse You sock the gnoll!
Your headbutt misses the gnoll.
The gnoll is heavily wounded.
The gnoll hits you with a spear.
* * * LOW HITPOINT WARNING * * *
The gnoll hits you with a spear.
* * * LOW HITPOINT WARNING * * *
You are too injured to fight recklessly!
You sock the gnoll!
You kill the gnoll!
Your Maces & Flails skill increases to level 6!
The gnoll hits you with a spear.
* * * LOW HITPOINT WARNING * * *
You barely miss the gnoll. The gnoll hits you with a spear.
You die...

#.. ..... #[. ###...### ###..
#.......# #.... ....... #.#..
..... ####.#.. ##+## #...#
#....#.. ##...## #.)g# #.######
##.....## ##@### #....#.. #
##.......###..#.## ####.#..
####.........#.#....#########.#..
...'..........###.......)........
####.........## ##..##########...
# ##.......#.###...# #.#.
##.....###.#.##.# ##.## ##...##
##.###.# ##...# ##'## #..(..#
#....<


You could see a gnoll.

Vanquished Creatures
  Ijyb (D:2)
  3 gnolls (D:2)
  2 adders
  An ooze (D:2)
  A dart slug (D:1)
  A worm (D:2)
  2 giant cockroaches (D:2)
  4 hobgoblins
  4 jackals (D:1)
  7 kobolds
  3 bats
  3 giant newts
  3 goblins
  7 rats
42 creatures vanquished.

Notes
Turn   | Place    | Note
--------------------------------------------------------------
     0 | D:1      | varam the Minotaur Fighter began the quest for the Orb.
     0 | D:1      | Reached XP level 1. HP: 19/19 MP: 0/0
   167 | D:1      | Reached skill level 3 in Maces & Flails
   171 | D:1      | Reached XP level 2. HP: 26/26 MP: 1/1
   209 | D:1      | Reached skill level 4 in Maces & Flails
   377 | D:1      | Reached XP level 3. HP: 27/31 MP: 2/2
   955 | D:2      | Noticed Ijyb
   962 | D:2      | Killed Ijyb
   962 | D:2      | Reached skill level 5 in Maces & Flails
   962 | D:2      | Reached XP level 4. HP: 14/39 MP: 3/3
  1539 | D:2      | Noticed Sigmund
  1927 | D:2      | Reached skill level 6 in Maces & Flails
  1928 | D:2      | Slain by a gnoll

Vault maps used:
D:1:      eino_arrival_water_cross, hangedman_decor_clover_reticule
D:2:      uniq_sigmund, uniq_iyjb

Skill      XL: |  1  2  3  4 |
---------------+-------------+-----
Maces & Flails | 3 4 5 6 |  6.0
Fighting       | |  3.6
Armour         | |  3.6
Shields        | |  3.6

Action                   |  1- 3 |  4- 6 || total
-------------------------+-------+-------++-------
Melee: Flail             |    80 |    32 ||   112
       Headbutt          |     9 |     6 ||    15
  Eat: Chunk             |       |     3 ||     3
Armor: Scale mail        |    24 |     6 ||    30
Dodge: Dodged            |    23 |    12 ||    35
Block: Shield            |    51 |    14 ||    65
